 Dungeon Crawl Stone Soup version 0.22-a0-480-g991dd4b (webtiles) character file.

4866 galech the Fighter (level 10, -4/107 HPs)
             Began as an Ogre Berserker on June 15, 2018.
             Was a High Priest of Trog.
             Slain by a crocodile (15 damage)
             ... on level 9 of the Dungeon.
             The game lasted 00:14:58 (10309 turns).

galech the Fighter (Ogre Berserker)                Turns: 10309, Time: 00:14:59

Health: -4/107     AC:  6    Str: 26    XL:     10   Next: 50%
Magic:  10/10      EV: 13    Int:  8    God:    Trog [*****.]
Gold:   688        SH: 12    Dex: 15    Spells: 9/9 levels left

rFire    + . .     SeeInvis .   m - +0 whip (venom)
rCold    + . .     Gourm    .   g - +2 shield
rNeg     . . .     Faith    .   A - +2 robe {rC+ rF+}
rPois    .         Spirit   .   u - +1 hat
rElec    .         Reflect  .   (no cloak)
rCorr    .         Harm     .   (gloves unavailable)
MR       +++..                  (boots unavailable)
Stlth    ++........             a - amulet of magic regeneration
HPRegen  1.27/turn              E - +3 ring of dexterity
MPRegen  0.37/turn              C - +4 ring of dexterity

@: berserk cooldown, regenerating, slowed, very slow
A: large, unfitting armour, tough skin 1
a: Berserk, Trog's Hand, Brothers in Arms, Renounce Religion


You were on level 9 of the Dungeon.
You worshipped Trog.
Trog was extremely pleased with you.
You were near starving.

You visited 1 branch of the dungeon, and saw 9 of its levels.
You also visited: Sewer and Ossuary.

You collected 688 gold pieces.

Inventory:

Hand Weapons
 m - a +0 whip of venom (weapon)
Armour
 b - a +0 animal skin
 g - a +2 shield (worn)
 u - a +1 hat (worn)
 A - a +2 robe of resistance (worn)
Jewellery
 a - an amulet of magic regeneration (around neck)
 x - an uncursed ring of see invisible
 C - a +4 ring of dexterity (right hand)
 E - a +3 ring of dexterity (left hand)
Wands
 F - a wand of iceblast (8)
 G - a wand of random effects (21)
 H - a wand of flame (35)
Scrolls
 d - a scroll of immolation {unknown}
 e - 6 scrolls of magic mapping
 f - a scroll of blinking {unknown}
 i - 2 scrolls of enchant armour {unknown}
 l - 3 scrolls of fog {unknown}
 n - 2 scrolls of fear {unknown}
 o - 7 scrolls of teleportation {unknown}
 t - 2 scrolls of enchant weapon {unknown}
 v - 3 scrolls of identify {unknown}
 w - a scroll of remove curse {unknown}
 y - a scroll of noise {unknown}
 D - a scroll of brand weapon {unknown}
Potions
 h - 2 potions of haste {unknown}
 j - 7 potions of heal wounds {unknown}
 k - a potion of flight {unknown}
 p - 4 potions of curing
 q - 2 potions of might
 r - 2 potions of brilliance {unknown}
 s - 3 potions of magic {unknown}
 z - 2 potions of resistance {unknown}
 B - 3 potions of ambrosia {unknown}
 I - a potion of invisibility {unknown}
 J - a potion of cancellation {unknown}
 K - 2 potions of degeneration {unknown}
Comestibles
 c - 17 rations


   Skills:
 + Level 9.3 Fighting
 + Level 9.2 Maces & Flails
 + Level 7.5 Dodging
 + Level 3.2 Stealth
 + Level 4.1 Shields


You had 9 spell levels left.
You didn't know any spells.
Your spell library was empty.

Dungeon Overview and Level Annotations

Branches:
Dungeon (10/15)            Temple (0/1) D:7
   Lair: D:8-11         Orc: D:9-12

Altars:
Ashenzari
Cheibriados
Dithmenos
Elyvilon
Gozag
Makhleb
Nemelex Xobeh
Sif Muna
Zin
The Shining One


Innate Abilities, Weirdness & Mutations

You are too large for most types of armour.
You have tough skin. (AC +1)


Message History

* * * LOW HITPOINT WARNING * * *
The hellwing hits you but does no damage.
The worker ant bites you but does no damage.
You kill the kobold demonologist!
Trog accepts your kill.
Trog appreciates your killing of a magic user.
The red devil disappears in a puff of smoke!
The quasit disappears in a puff of smoke!
The iron imp disappears in a puff of smoke!
The hellwing disappears in a puff of smoke!
The ice devil disappears in a puff of smoke!
Your Shields skill increases to level 4!
The quokka zombie misses you. The crocodile closely misses you.
You block the worker ant's attack. You block the quokka zombie's attack.
The crocodile bites you.
* * * LOW HITPOINT WARNING * * *
The worker ant barely misses you. You block the quokka zombie's attack.
The worker ant closely misses you. x2; The crocodile bites you!
You die...

######+####
#....†..§.#
#?.....§.§#
#..[...a?.#
+.....Zt@.#
###########


You could see a crocodile, a worker ant and a quokka zombie.

Vanquished Creatures
  An ugly thing (D:9)
  A gargoyle (D:10)
  A kobold demonologist (D:9)
  The ghost of Zorot the Skirmisher, an amateur OpMo (D:6)
  A hippogriff (D:10)
  Sigmund (D:6)
  A wyvern (D:10)
  3 ice beasts
  3 orc warriors
  2 phantoms
  5 ogres
  2 centaurs
  The ghost of Amnesiac the Charlatan, an amateur SpAr (D:4)
  4 bullfrogs
  A wyvern skeleton (D:7)
  A scorpion (D:7)
  3 crimson imps
  A jelly (D:6)
  6 hounds
  3 iron imps (D:5)
  5 orc priests
  Natasha (thrice) (D:2)
  9 orc wizards
  2 worker ants
  A killer bee zombie (D:7)
  A hound zombie (D:6)
  A hound skeleton (D:5)
  8 mummies (Ossuary)
  A worker ant zombie (D:10)
  11 gnolls
  13 adders
  4 river rats
  3 oozes
  2 adder skeletons (D:5)
  4 worms
  2 dart slugs
  9 leopard geckos
  30 orcs
  9 giant cockroaches
  7 goblins
  8 hobgoblins
  13 jackals
  4 quokkas
  14 ball pythons
  8 bats
  7 frilled lizards
  A gnoll zombie (Ossuary)
  A hobgoblin zombie (Ossuary)
  13 kobolds
  2 kobold zombies (Ossuary)
  A leopard gecko skeleton (D:5)
  4 orc zombies (Ossuary)
  31 rats
274 creatures vanquished.

Notes
Turn   | Place    | Note
-------+----------+-------------------------------------------
     0 | D:1      | galech the Ogre Berserker began the quest for the Orb.
     0 | D:1      | Reached XP level 1. HP: 24/24 MP: 1/1
     3 | D:1      | Noticed an electric eel
     3 | D:1      | Noticed an electric eel
   176 | D:1      | Reached XP level 2. HP: 31/32 MP: 2/2
   704 | D:1      | Reached XP level 3. HP: 36/40 MP: 3/3
   849 | D:1      | Reached ** piety under Trog
  1281 | D:2      | Noticed Natasha
  1290 | D:2      | Killed Natasha
  1290 | D:2      | Reached XP level 4. HP: 23/49 MP: 4/4
  1729 | D:2      | Reached skill level 5 in Fighting
  1775 | D:2      | Noticed Natasha
  1787 | D:2      | Killed Natasha
  1914 | D:2      | Reached XP level 5. HP: 10/57 MP: 5/5
  2450 | D:2      | Found a snail-covered altar of Cheibriados.
  2463 | D:2      | Noticed Natasha
  2473 | D:2      | Killed Natasha
  3361 | D:3      | Reached *** piety under Trog
  3596 | D:3      | Reached XP level 6. HP: 63/66 MP: 6/6
  3811 | D:4      | Found a glowing drain.
  3898 | D:4      | Noticed Amnesiac's ghost (amateur SpAr)
  3907 | Sewer    | Entered a sewer
  4648 | Sewer    | Reached skill level 1 in Stealth
  4954 | Sewer    | Reached **** piety under Trog
  5133 | Sewer    | Reached skill level 5 in Maces & Flails
  5177 | Sewer    | Reached XP level 7. HP: 75/75 MP: 7/7
  5259 | D:4      | Killed Amnesiac's ghost
  5870 | D:4      | Found a deep blue altar of Sif Muna.
  5980 | D:4      | Found an opulent altar of Gozag.
  5980 | D:4      | Found a glowing silver altar of Zin.
  6039 | D:5      | Entered Level 5 of the Dungeon
  6049 | D:4      | Reached XP level 8. HP: 61/84 MP: 8/8
  6543 | D:4      | Reached skill level 5 in Dodging
  7058 | D:5      | Found a burning altar of Makhleb.
  7281 | D:5      | Reached ***** piety under Trog
  7444 | D:5      | Found a deep blue altar of Sif Muna.
  7771 | D:6      | Noticed Zorot's ghost (amateur OpMo)
  7784 | D:6      | Killed Zorot's ghost
  7784 | D:6      | Reached skill level 1 in Shields
  7784 | D:6      | Reached XP level 9. HP: 96/96 MP: 9/9
  8063 | D:6      | Found a shadowy altar of Dithmenos.
  8163 | D:6      | Found a snail-covered altar of Cheibriados.
  8182 | D:6      | Noticed Sigmund
  8192 | D:6      | Killed Sigmund
  8818 | D:7      | Found a sand-covered staircase.
  8833 | Ossuary  | Entered an ossuary
  9262 | D:7      | Found a shattered altar of Ashenzari.
  9375 | D:7      | Found a white marble altar of Elyvilon.
  9389 | D:7      | Found a glowing golden altar of the Shining One.
  9621 | D:7      | Found a staircase to the Ecumenical Temple.
  9646 | D:7      | Found a sparkling altar of Nemelex Xobeh.
  9737 | D:7      | Reached XP level 10. HP: 106/106 MP: 10/10
  9858 | D:7      | You fall through a shaft for 3 floors!
  9858 | D:10     | Entered Level 10 of the Dungeon
  9886 | D:10     | Received a gift from Trog
 10003 | D:10     | Noticed a gargoyle
 10029 | D:10     | Killed a gargoyle
 10275 | D:9      | Noticed a brown ugly thing
 10275 | D:9      | Noticed a kobold demonologist
 10298 | D:9      | Killed a brown ugly thing
 10307 | D:9      | Killed a kobold demonologist
 10309 | D:9      | Slain by a crocodile

Vault maps used:
D:1:      arrival_aquarium_b, serial_co_window_serial, co_window_corner_a,
          co_window_corner_a, co_window_paths_a, co_window_of_opportunity_a,
          co_window_paths_a, co_window_broadway_a, co_window_broadway_c,
          co_window_corner_cb, glass_columns_a, glass_columns_b, glass_columns_b
D:2:      lemuel_coloured_pillars_altar, first_ration, uniq_natasha
D:4:      grunt_temple_overflow_gold_and_silver, marbit_many_paths,
          cheibrodos_sewer_entry_sluice
D:5:      demons_altar, tgw_sif
D:6:      lemuel_crystal_altar, basic_altar, serial_bayou_pond_e,
          minmay_misc_feat_plants, uniq_sigmund
D:7:      old_standard_altar, nicolae_overflow_hidden_temple,
          lemuel_crystal_altar, kennysheep_mini_moat,
          minmay_temple_entry_glassed_door,
          nicolae_ossuary_entry_false_entrances
D:9:      minmay_klotski, serial_shops, nicolae_shop_overgrown_old_shop
D:10:     nicolae_trove_entry_path_of_doom
Sewer:    sewer_minmay_w
Ossuary:  ossuary_tomb_3

Skill      XL: |  1  2  3  4  5  6  7  8  9 10 |
---------------+-------------------------------+-----
Maces & Flails | 3 4 5 6 7 8 9 |  9.2
Dodging        | 3 4 6 7 |  7.5
Fighting       | 5 6 7 8 9 |  9.3
Stealth        | 1 2 3 |  3.2
Shields        | 1 3 4 |  4.1

Action                   |  1- 3 |  4- 6 |  7- 9 | 10-12 || total
-------------------------+-------+-------+-------+-------++-------
Melee: Mace              |    48 |       |       |       ||    48
       Whip              |    66 |   362 |   598 |    88 ||  1114
Invok: Berserk           |       |     7 |     8 |     3 ||    18
       Trog's Hand       |       |     1 |     3 |     1 ||     5
  Use: Scroll            |       |       |     1 |       ||     1
       Potion            |       |       |       |     1 ||     1
 Stab: Sleeping          |       |     1 |     4 |       ||     5
  Eat: Chunk             |     1 |    18 |    19 |     3 ||    41
       Ration            |       |       |     2 |       ||     2
Armor: Animal skin       |    39 |    98 |    70 |       ||   207
       Robe              |       |       |    14 |    18 ||    32
Dodge: Dodged            |    58 |   213 |   242 |    65 ||   578
Block: Shield            |       |       |   119 |    58 ||   177

Table legend:
 A = Spawn XP
 B = Non-spawn XP
 C = Spawn XP percentage of total XP
 D = Spawn monster count
 E = Non-spawn monster count
 F = Spawn count percentage of total count
 G = Total turns spent on level
                    A         B        C        D         E        F      G
               +---------+---------+-------+---------+---------+-------+---------
         Total |       0 |    6952 |   0.0 |       0 |     274 |   0.0 | 10309
               +---------+---------+-------+---------+---------+-------+---------
           D:1 |       0 |      46 |   0.0 |       0 |      28 |   0.0 |  1257
           D:2 |       0 |     165 |   0.0 |       0 |      30 |   0.0 |  1418
           D:3 |       0 |     118 |   0.0 |       0 |      24 |   0.0 |  1111
           D:4 |       0 |     910 |   0.0 |       0 |      46 |   0.0 |  1773
           D:5 |       0 |     579 |   0.0 |       0 |      29 |   0.0 |   863
           D:6 |       0 |    1851 |   0.0 |       0 |      26 |   0.0 |  1032
           D:7 |       0 |     694 |   0.0 |       0 |      14 |   0.0 |   664
           D:9 |       0 |    1039 |   0.0 |       0 |       3 |   0.0 |    34
          D:10 |       0 |    1070 |   0.0 |       0 |      10 |   0.0 |   417
         Sewer |       0 |     330 |   0.0 |       0 |      48 |   0.0 |  1340
       Ossuary |       0 |     150 |   0.0 |       0 |      16 |   0.0 |   400
               +---------+---------+-------+---------+---------+-------+---------
